 Dungeon Crawl Stone Soup version 0.27-a0-1193-g8631133539 (webtiles) character file.

Game seed: 14218543306102323381

140 tilp the Caller (level 5, 0/39 HPs)
             Began as a Barachi Summoner on May 25, 2021.
             Slain by a phantom (4 damage)
             ... on level 4 of the Dungeon.
             The game lasted 00:07:44 (5372 turns).

tilp the Caller (Barachi Summoner)                  Turns: 5372, Time: 00:07:45

Health: 0/39       AC:  8    Str: 15    XL:     5   Next: 23%
Magic:  8/9        EV: 11    Int: 15    God:
Gold:   145        SH:  0    Dex: 12    Spells: 4/10 levels left

rFire    . . .     SeeInvis .   a - +1 dagger (flame)
rCold    . . .     Faith    .   (no shield)
rNeg     . . .     Spirit   .   e - +2 ring mail of Idealism {Str+4}
rPois    .         Reflect  .   (no helmet)
rElec    .         Harm     .   f - +0 cloak
rCorr    .         Rampage  .   (no gloves)
Will     .....                  (no boots)
Stlth    +.........             (no amulet)
HPRegen  0.13/turn              (no ring)
MPRegen  0.11/turn              (no ring)

@: slow
A: amphibious, slowness 1, strong legs 1, +LOS
a: Hop


You were on level 4 of the Dungeon.
You visited 1 branch of the dungeon, and saw 4 of its levels.

You collected 145 gold pieces.

Inventory:

Hand Weapons
 a - a +1 dagger of flaming (weapon)
Missiles
 n - 2 poisoned darts (quivered)
Armour
 c - the +3 leather armour of the Enchanted Forest {Harm *Corrode rElec rN+}
   (You found it on level 4 of the Dungeon)

   It insulates you from electricity.
   It protects you from negative energy.
   It may corrode you when you take damage.
   It increases damage dealt and taken.
 e - the +2 ring mail of Idealism (worn) {Str+4}
   (You found it on level 4 of the Dungeon)

   It affects your strength (+4).
 f - a +0 cloak (worn)
Wands
 j - a wand of digging (6)
Scrolls
 d - a scroll of teleportation
 g - a scroll of fog {unknown}
Potions
 b - a potion of heal wounds
 h - 2 potions of curing
 i - a potion of might
 l - a potion of ambrosia
 m - a potion of haste {unknown}


   Skills:
 * Level 2.5 Fighting
 + Level 2.8 Dodging
 + Level 2.4 Stealth
 - Level 3.0 Spellcasting
 - Level 6.0 Summonings


You had 4 spell levels left.
You knew the following spells:

 Your Spells              Type           Power      Damage    Failure   Level
a - Summon Small Mammal   Summ           80%        N/A       3%          1
b - Call Imp              Summ           20%        N/A       4%          2
c - Call Canine Familiar  Summ           20%        N/A       10%         3

Your spell library contained the following spells:

 Spells                   Type           Power      Damage    Failure   Level
 Summon Guardian Golem    Hex/Summ       11%        N/A       34%         3
 Animate Skeleton         Necr           4%         N/A       36%         1
 Beastly Appendage        Tmut           4%         N/A       36%         1
 Pain                     Necr           8%         1d4       36%         1
 Wereblood                Tmut           2%         N/A       52%         2
 Spider Form              Tmut/Pois      1%         N/A       75%         3
 Vampiric Draining        Necr           1%         2d6       75%         3
 Summon Ice Beast         Ice/Summ       11%        N/A       75%         4
 Summon Lightning Spire   Summ/Air       11%        N/A       75%         4
 Animate Dead             Necr           1%         N/A       98%         4
 Ice Form                 Ice/Tmut       2%         N/A       98%         4
 Agony                    Necr           2%         N/A       100%        5
 Hydra Form               Tmut           1%         N/A       100%        5


Dungeon Overview and Level Annotations

Branches:
Dungeon (4/15)
 Temple: D:4-7

Altars:

Annotations:
D:3 1 runed translucent door, Crazy Yiuf, Robin


Innate Abilities, Weirdness & Mutations

You are amphibious.
You cover ground slowly.
You can hop short distances.
You have an extended range of vision and can be seen from far away.


Message History

The phantom is moderately damaged.
Your hound misses the phantom. The phantom hits you!
* * * LOW HITPOINT WARNING * * *
The phantom blinks!
You blink.
The phantom barely misses you.
You hit the phantom but do no damage.
The phantom is moderately damaged.
The phantom hits you but does no damage.
You barely miss the phantom.
The phantom is moderately damaged.
Your hound misses the phantom.
Your hound bites the phantom.
The phantom barely misses you.
You hit the phantom. You burn the phantom.
The phantom is heavily damaged.
Your hound closely misses the phantom.
The phantom closely misses you.
Your ring mail of Idealism prevents you from hitting the phantom.
The phantom is heavily damaged.
Your hound closely misses the phantom.
Your hound barely misses the phantom.
The phantom hits you but does no damage.
You hit the phantom. You burn the phantom.
The phantom is severely damaged.
Your hound barely misses the phantom.
The phantom hits you.
* * * LOW HITPOINT WARNING * * *
You barely miss the phantom.
The phantom is severely damaged.
Your hound bites the phantom. x2; The phantom hits your hound!
You barely miss the phantom.
The phantom is almost destroyed.
Your hound barely misses the phantom.
The phantom hits you but does no damage.
You completely miss the phantom.
The phantom is almost destroyed.
Your hound closely misses the phantom.
Your hound misses the phantom. The phantom hits you.
* * * LOW HITPOINT WARNING * * *
The phantom blinks!
You blink.
You closely miss the phantom.
The phantom is almost destroyed.
The phantom hits you.
You die...

#.......#.<.W.....o.........Z5
#.......#######....#########o#
#.......# #..#.......###ยง#
######### ##.##....#..##.#
#####.##...........
#...#.#......####.#
#.......##.#.####.#
##...#...##.#.......
#.W@h.............o.
#.....o........)....
#.....).............
#...................
#.................##
#.............#.....
#.............##..##
#.....)............#
#..(......<....#...#


You could see a phantom (ally target), an orc and a friendly hound (summoned).

Vanquished Creatures
  An orc wizard (D:4)
  An adder (D:3)
  A white imp (D:3)
  An adder skeleton (D:4)
  3 dart slugs
  7 ball pythons
  A bat (D:2)
  5 endoplasms
  A goblin (D:4)
  2 hobgoblins
  5 frilled lizards
  A kobold (D:4)
  4 rats
33 creatures vanquished.

Vanquished Creatures (collateral kills)
  An orc wizard (D:4)
  4 adders
  2 worms (D:2)
  A dart slug (D:2)
  3 orcs (D:4)
  2 endoplasms (D:1)
  3 goblins
  3 hobgoblins
  6 ball pythons
  6 bats
  3 frilled lizards
  4 kobolds
38 creatures vanquished.

Grand Total: 71 creatures vanquished

Notes
Turn   | Place    | Note
-------+----------+-------------------------------------------
     0 | D:1      | tilp the Barachi Summoner began the quest for the Orb.
     0 | D:1      | Reached XP level 1. HP: 13/13 MP: 3/3
   162 | D:1      | Reached skill level 5 in Summonings
   421 | D:1      | Reached XP level 2. HP: 8/19 MP: 1/5
   834 | D:1      | Learned a level 2 spell: Call Imp
  1432 | D:2      | Reached XP level 3. HP: 13/24 MP: 0/7
  1449 | D:2      | Learned a level 3 spell: Call Canine Familiar
  2591 | D:2      | Reached skill level 6 in Summonings
  2924 | D:2      | Found a faded altar of an unknown god.
  3218 | D:3      | Reached XP level 4. HP: 31/31 MP: 2/8
  3220 | D:3      | Reached skill level 1 in Fighting
  3783 | D:3      | Found a runed translucent door.
  3784 | D:3      | Noticed Crazy Yiuf
  3786 | D:3      | Noticed Robin
  4511 | D:4      | Identified the +2 ring mail of Idealism {Str+4}
  4672 | D:4      | Identified the +3 leather armour of the Enchanted Forest
                  | {Harm *Corrode rElec rN+}
  4986 | D:4      | Noticed a phantom
  5246 | D:4      | Reached XP level 5. HP: 33/38 MP: 4/9
  5372 | D:4      | Slain by a phantom

Illustrated notes

Levels and vault maps discovered:
D:1:      lightli_molten_gateway, layout_rooms
D:2:      minmay_door_path, layout_basic, hellmonk_ecumenical_altar_heavens_door
D:3:      layout_basic, uniq_crazy_yiuf_cottage, uniq_robin
D:4:      layout_rooms

Skill      XL: |  1  2  3  4 |
---------------+-------------+-----
Summonings     | 5 6 |  6.0
Spellcasting   | 3 |  3.0
Fighting       | 2 |  2.5
Stealth        | 2 |  2.4
Dodging        | |  2.8

Action                   |  1- 3 |  4- 6 || total
-------------------------+-------+-------++-------
Melee: Club              |    17 |       ||    17
       Dagger            |   107 |    97 ||   204
 Cast: Summon Small Mamm |    39 |     3 ||    42
       Call Imp          |    18 |    12 ||    30
       Call Canine Famil |     2 |     6 ||     8
 Abil: Hop               |     2 |     1 ||     3
  Use: Scroll            |     7 |     3 ||    10
       Potion            |       |     1 ||     1
 Stab: Sleeping          |       |     1 ||     1
Armor: Robe              |    17 |       ||    17
       Ring mail         |    52 |    42 ||    94
Dodge: Dodged            |    95 |    45 ||   140

Table legend: (Time is in decaauts)
 A = Elapsed time spent in this place.
 B = Non-inter-level travel time spent in this place.
 C = Inter-level travel time spent in this place.
 D = Time resting spent in this place.
 E = Time spent auto-exploring this place.
 F = Levels seen in this place.
 G = Mean time per level.
                   A        B        C        D        E       F      G
               +--------+--------+--------+--------+--------+-----+--------+
         Total |   5834 |   5520 |    314 |   1482 |   3088 |   4 | 1458.5 |
       Dungeon |   5834 |   5520 |    314 |   1482 |   3088 |   4 | 1458.5 |
               +--------+--------+--------+--------+--------+-----+--------+

Top non-repeatable levels by time:
     D:2: 2135 daAuts
     D:3: 1729 daAuts
     D:1: 1295 daAuts
     D:4: 674 daAuts
